 Dungeon Crawl Stone Soup version 0.18-a0-1450-g2123858 (webtiles) character file.

1349 Kel the Chopper (level 8, -1/51 HPs)
             Began as a Tengu Berserker on Feb 29, 2016.
             Was an Elder of Trog.
             Slain by an orc warrior
             ... wielding a +0 dire flail
              (10 damage)
             ... on level 6 of the Dungeon.
             The game lasted 00:19:32 (6781 turns).

Kel the Chopper (Tengu Berserker)                   Turns: 6781, Time: 00:19:32

Health: -1/51      AC: 16    Str: 17 (18) XL:     8   Next: 63%
Magic:  9/9        EV:  9    Int:  6 (8)  God:    Trog [****..]
Gold:   289        SH:  0    Dex: 10 (15) Spells: 0 memorised, 7 levels left

rFire  . . .     SeeInvis .     r - +0 war axe
rCold  + . .     Gourm    .     g - +0 chain mail
rNeg   . . .     Faith    .     (no shield)
rPois  .         Spirit   .     (helmet restricted)
rElec  .         Dismiss  .     b - +2 cloak
rCorr  .         Reflect  .     i - +0 pair of gloves
SustAt .         Harm     .     (boots unavailable)
MR     .....                    (no amulet)
Stlth  ..........               (no ring)
                                A - ring of protection from cold

@: not resistant to hostile enchantments, extremely unstealthy
A: beak, talons 3, thin metallic scales 1, blurry vision 1, deterioration 1,
able to fly 1
a: Fly, Berserk, Trog's Hand, Brothers in Arms, Burn Spellbooks, Renounce
Religion


You were on level 6 of the Dungeon.
You worshipped Trog.
Trog was greatly pleased with you.
You were not hungry.

You visited 1 branch of the dungeon, and saw 6 of its levels.
You also visited: Sewer.

You collected 289 gold pieces.

Inventory:

Hand Weapons
 r - a +0 war axe (weapon)
 t - a +1 blowgun
Missiles
 m - 8 javelins (quivered)
 u - 21 poisoned needles
Armour
 b - a +2 cloak (worn)
 g - a +0 chain mail (worn)
 i - a +0 pair of gloves (worn)
Jewellery
 A - a ring of protection from cold (left hand)
Wands
 s - a wand of slowing (48/48)
 x - a wand of iceblast (7/15)
Scrolls
 a - a scroll of immolation
 d - 11 scrolls of identify
 e - 3 scrolls of teleportation
 j - 3 scrolls of magic mapping
 l - a scroll of torment {unknown}
 o - 2 scrolls of fog
 q - a scroll of blinking {unknown}
 y - a scroll of remove curse
 C - a scroll of enchant weapon
Potions
 f - a potion of agility {unknown}
 k - a potion of heal wounds
 n - a potion of curing
 p - a potion of magic
 B - 2 potions of mutation {unknown}
Comestibles
 c - a bread ration
 h - 3 meat rations
 v - 2 slices of pizza
 w - a fruit
 z - 2 beef jerkies


   Skills:
 + Level 5.9 Fighting
 + Level 6.1 Axes
 + Level 6.1 Armour
 + Level 6.1 Dodging


You had 7 spell levels left.
You didn't know any spells.

Dungeon Overview and Level Annotations

Branches:
Dungeon (6/15)             Temple (0/1) D:4

Altars:
Cheibriados
Gozag
Nemelex Xobeh
Qazlal
Sif Muna
Xom


Innate Abilities, Weirdness & Mutations

You have a beak for a mouth.
You have claws for feet.
You can fly.
You are partially covered in thin metallic scales (AC +2).
Scrolls take you a little longer to read.
Your body sometimes deteriorates upon taking damage.


Message History

The orc priest is lightly wounded.
You hit the orc warrior but do no damage.
The orc warrior misses you.
The orc priest hits you but does no damage.
You hit the orc priest but do no damage.
You peck the orc priest.
The orc priest is heavily wounded.
You hit the orc warrior but do no damage.
The orc warrior hits you with a dire flail.
* * * LOW HITPOINT WARNING * * *
The orc priest barely misses you.
Read which item? (? for menu, Esc to quit)
Really read with blurry vision while enemies are nearby?
The orc warrior hits you with a dire flail.
* * * LOW HITPOINT WARNING * * *
You begin reading the scroll.
You continue reading the scroll.
The orc priest hits you but does no damage.
The orc hits you but does no damage.
The orc warrior hits you with a dire flail!
You die...

..................#.#.#.#...#
#.#.#.#.##.....)............#
........##...##...#.#.#.#...#
#.#.#.#.##...####...........#
.............#....#.#.#.#...#
#.#.#.#......#..............#
............o#..............#
###..........'oo............#
##..########o@............####
#..#.........#############...
....#.........#......#........
#....#.....รท...#......#^......<
#... #.........#...)[.'........
#.........#####'####'##'##
.....######..................
...... #.................. .....
#..................


You could see an orc warrior, an orc priest and 2 orcs.

Vanquished Creatures
  Eustachio (D:4)
  Purgy (Sewer)
  A sky beast (D:5)
  3 ogres
  A centaur (D:5)
  A giant frog (D:6)
  A scorpion (D:6)
  A howler monkey (D:4)
  Crazy Yiuf (D:2)
  A hound (D:5)
  An orc priest (D:4)
  An iguana (D:6)
  2 worker ants
  4 gnolls
  18 adders
  2 river rats (D:4)
  An adder zombie (D:5)
  2 oozes
  An adder skeleton (D:4)
  7 worms
  2 dart slugs
  5 giant geckos
  5 orcs
  13 bats
  7 giant cockroaches
  10 hobgoblins
  8 jackals
  12 kobolds
  2 quokkas
  A ball python (D:3)
  5 giant newts
  11 goblins
  A jackal zombie (D:5)
  A quokka skeleton (D:6)
  11 rats
145 creatures vanquished.

Vanquished Creatures (others)
  A plant (D:3)
1 creature vanquished.

Grand Total: 146 creatures vanquished

Notes
Turn   | Place    | Note
--------------------------------------------------------------
     0 | D:1      | Kel the Tengu Berserker began the quest for the Orb.
     0 | D:1      | Reached XP level 1. HP: 14/14 MP: 2/2
   239 | D:1      | Reached XP level 2. HP: 16/19 MP: 3/3
  1014 | D:2      | Reached XP level 3. HP: 19/23 MP: 4/4
  1156 | D:2      | Reached ** piety under Trog
  1270 | D:2      | Reached XP level 4. HP: 25/28 MP: 5/5
  1330 | D:2      | Found an opulent altar of Gozag.
  1331 | D:2      | Found a sparkling altar of Nemelex Xobeh.
  1420 | D:2      | Noticed Crazy Yiuf
  1449 | D:2      | Killed Crazy Yiuf
  1449 | D:2      | Gained mutation: You can fly. [Tengu growth]
  1449 | D:2      | Reached XP level 5. HP: 19/32 MP: 6/6
  2703 | D:3      | Reached *** piety under Trog
  2858 | D:3      | Reached XP level 6. HP: 38/38 MP: 7/7
  2963 | D:3      | Found a stormy altar of Qazlal.
  3631 | D:4      | Found a glowing drain.
  3817 | Sewer    | Entered a sewer
  4048 | Sewer    | Noticed Purgy
  4056 | Sewer    | Killed Purgy
  4056 | Sewer    | Reached XP level 7. HP: 44/44 MP: 8/8
  4308 | D:4      | Reached **** piety under Trog
  4524 | D:4      | Found a shimmering altar of Xom.
  4612 | D:4      | Reached skill level 5 in Axes
  4612 | D:4      | Reached skill level 5 in Armour
  4612 | D:4      | Reached skill level 5 in Dodging
  4661 | D:4      | Found a staircase to the Ecumenical Temple.
  4969 | D:4      | Reached skill level 5 in Fighting
  5167 | D:5      | Entered Level 5 of the Dungeon
  5464 | D:5      | Reached XP level 8. HP: 40/49 MP: 9/9
  5520 | D:5      | Gained mutation: Scrolls take you a little longer to read. [mutagenic meat]
  5521 | D:5      | Gained mutation: Your body sometimes deteriorates upon taking damage. [mutagenic meat]
  5522 | D:5      | Gained mutation: You are partially covered in thin metallic scales (AC +2). [mutagenic meat]
  5916 | D:5      | Noticed Eustachio
  6256 | D:4      | Killed Eustachio
  6331 | D:6      | Found a snail-covered altar of Cheibriados.
  6332 | D:6      | Found a deep blue altar of Sif Muna.
  6781 | D:6      | Slain by an orc warrior

Vault maps used:
D:1:      dpeg_arrival_rooms_b
D:2:      forest_paths, grunt_temple_overflow_opulence, uniq_crazy_yiuf_cottage
D:3:      nicolae_qazlal_general_emergency, lexackson_kobold_supper
D:4:      nicolae_overflow_crystal_walls, minmay_temple_entry_fiery,
          portal_sewer_entry_b
D:5:      first_bread, guppyfry_early_lair_pool, uniq_eustachio
D:6:      grunt_temple_overflow_open, serial_glass, glass_columns_a,
          glass_columns_b, glass_columns_c, glass_columns_c,
          nemelex_dance_club_becter
Sewer:    kennysheep_door_sewer

Skill      XL: |  1  2  3  4  5  6  7  8 |
---------------+-------------------------+-----
Dodging        | 3 4 5 6 |  6.1
Armour         | 3 4 5 6 |  6.1
Axes           | 4 5 6 |  6.1
Fighting       | 4 5 |  5.9

Action                   |  1- 3 |  4- 6 |  7- 9 || total
-------------------------+-------+-------+-------++-------
Melee: Hand axe          |    99 |   233 |    62 ||   394
       War axe           |       |       |   150 ||   150
Invok: Berserk           |       |     3 |     3 ||     6
  Use: Potion            |       |     7 |     2 ||     9
       Scroll            |       |    13 |       ||    13
 Stab: Sleeping          |     1 |       |       ||     1
  Eat: Bread ration      |       |     2 |     1 ||     3
       Chunk             |       |     6 |    10 ||    16
